 Dungeon Crawl Stone Soup version 0.29.1 (webtiles) character file.

Game seed: 17340302865677218239

13 sleeves the Stinger (level 2, -2/20 HPs)
             Began as a Ghoul Venom Mage on Sept 13, 2022.
             Slain by a quokka (5 damage)
             ... on level 1 of the Dungeon.
             The game lasted 00:01:46 (330 turns).

sleeves the Stinger (Ghoul Venom Mage)               Turns: 330, Time: 00:01:47

Health: -2/20      AC:  2    Str: 11    XL:     2   Next: 37%
Magic:  1/4        EV: 12    Int: 10    God:
Gold:   7          SH:  5    Dex:  9    Spells: 4/5 levels left

rFire   . . .      SeeInvis .   (no weapon)
rCold   + . .      Faith    .   (no shield)
rNeg    + + +      Spirit   .   a - +0 robe
rPois   ∞          Reflect  +   (no helmet)
rElec   .          Harm     .   (no cloak)
rCorr   .          Rampage  .   (no gloves)
Will    .....                   (no boots)
Stlth   ++........              c - amulet of reflection
HPRegen 0.00/turn               (no ring)
MPRegen 0.09/turn               (no ring)

@: very slightly contaminated, inhibited regen
A: claws 1, cold resistance 1, negative energy resistance 3, inhibited
regeneration, torment resistance 2, devour on kill
a: no special abilities


You were on level 1 of the Dungeon.
You visited 1 branch of the dungeon, and saw 1 of its levels.

You collected 7 gold pieces.

Inventory:

Armour
 a - a +0 robe (worn)
Jewellery
 c - an amulet of reflection (around neck)
   (You found it on level 1 of the Dungeon)


   Skills:
 - Level 1.7 Dodging
 - Level 2.1 Stealth
 + Level 2.1 Spellcasting
 - Level 0.8 Transmutations
 + Level 3.4 Poison Magic


You had 4 spell levels left.
You knew the following spells:

 Your Spells              Type           Power      Damage    Failure   Level
a - Sting                 Tmut/Pois      20%        1d4       13%         1

Your spell library contained the following spells:

 Spells                   Type           Power      Damage    Failure   Level
 Poisonous Vapours        Pois/Air       8%         N/A       22%         2
 Mephitic Cloud           Conj/Pois/Air  3%         N/A       50%         3
 Olgreb's Toxic Radiance  Pois           7%         N/A       58%         4


Dungeon Overview and Level Annotations

Branches:
Dungeon (1/15)

Altars:


Innate Abilities, Weirdness & Mutations

You are immune to poison.
You have sharp fingernails.
Your flesh is cold resistant. (rC+)
You are immune to negative energy. (rN+++)
You do not regenerate when monsters are visible.
You are immune to unholy pain and torment.
You thrive by killing the living.


Message History

Welcome, sleeves the Ghoul Venom Mage.
The wondrous Orb of Zot lies far below, as if waiting for you to find it.
Press ? for a list of commands and other information.
Found a staircase leading out of the dungeon.
Okay, then.
You enter the shallow water.
Moving in this stuff is going to be slow.
You enter the shallow water.
Moving in this stuff is going to be slow.
You enter the shallow water.
Moving in this stuff is going to be slow.
You enter the shallow water.
Moving in this stuff is going to be slow.
You now have 7 gold pieces.
You open the large door.
A quokka comes into view.
A quokka is nearby!
A quokka is nearby!
There is a large open door here.
You can't see any susceptible monsters within range! (Use Z to cast anyway.)
The sting hits the quokka.
The quokka is poisoned.
The quokka is lightly wounded.
The sting hits the quokka but does no damage.
The quokka looks even sicker.
The quokka is heavily wounded.
The quokka closely misses you.
You scratch the quokka but do no damage.
The quokka is heavily wounded.
The quokka misses you.
You scratch the quokka but do no damage.
The quokka is severely wounded.
The quokka barely misses you.
You scratch the quokka.
You kill the quokka!
No target in view!
No target in view!
Magic restored.
A giant cockroach comes into view.
A giant cockroach is nearby!
A giant cockroach is nearby!
A bat comes into view.
You can't see any susceptible monsters within range! (Use Z to cast anyway.)
Found 7 stones.
The helpless giant cockroach fails to defend itself.
You scratch the giant cockroach.
The giant cockroach is severely wounded.
The bat barely misses you.
The giant cockroach bites you but does no damage.
You closely miss the giant cockroach.
The giant cockroach is severely wounded.
The giant cockroach bites you. The bat hits you but does no damage.
You barely miss the giant cockroach.
The giant cockroach is severely wounded.
The bat hits you but does no damage.
The giant cockroach bites you but does no damage.
You barely miss the giant cockroach.
The giant cockroach is severely wounded.
The giant cockroach barely misses you. The bat hits you but does no damage.
The giant cockroach bites you but does no damage.
You closely miss the giant cockroach.
The giant cockroach is severely wounded.
The bat hits you but does no damage.
The giant cockroach bites you but does no damage.
You scratch the giant cockroach.
You kill the giant cockroach!
You feel better. The bat barely misses you.
You scratch the bat.
The bat is moderately wounded.
The bat barely misses you. The bat misses you.
The bat hits you but does no damage. The bat hits you but does no damage.
You closely miss the bat.
The bat is moderately wounded.
The bat hits you but does no damage. The bat hits you but does no damage.
The bat closely misses you.
You scratch the bat but do no damage.
The bat is moderately wounded.
The bat closely misses you.
The sting hits the bat.
The bat is poisoned.
The bat is heavily wounded.
The bat barely misses you.
A bat is nearby!
You miss the bat.
The bat is heavily wounded.
The bat barely misses you. The bat hits you.
You barely miss the bat.
The bat is almost dead.
You kill the bat!
You feel better.
No target in view!
No target in view!
You open the door.
A giant cockroach comes into view.
Found a triangular silver amulet.
A giant cockroach is nearby!
A giant cockroach is nearby!
Found 2 stones.
There is an open door here.
A rat comes into view.
You miscast Sting.
You are very lightly contaminated with residual magic.
Nothing appears to happen.
The giant cockroach bites you.
You barely miss the giant cockroach. The giant cockroach barely misses you.
You barely miss the giant cockroach. The giant cockroach closely misses you.
You scratch the giant cockroach.
You kill the giant cockroach!
You feel better.
You see here an amulet of reflection.
The rat barely misses you.
You barely miss the rat. The rat closely misses you.
Your magical contamination has completely faded away.
You barely miss the rat. The rat closely misses you.
You closely miss the rat. The rat bites you.
You scratch the rat but do no damage. The rat bites you but does no damage.
You barely miss the rat. The rat bites you.
You are too injured to fight recklessly!
You are too injured to fight recklessly!
You are too injured to fight recklessly!
You are too injured to fight recklessly!
You are too injured to fight recklessly!
You are too injured to fight recklessly!
Casting: Sting (safe; 14% risk of failure)
Confirm with . or Enter, or press ? or * to list all spells.
Aiming: Sting (safe; 14% risk of failure)
Press: ? - help, Shift-Dir - straight line, f - rat
Aim: a rat (68% to hit)
The sting hits the rat.
The rat is poisoned.
The rat is heavily wounded.
The rat bites you but does no damage.
You scratch the rat.
You kill the rat!
You feel better.
Your Spellcasting skill increases to level 2!
You see here a rat corpse.
c - an amulet of reflection You start putting on your amulet.
You continue putting on your amulet of reflection. x5
You finish putting on your amulet of reflection.
You feel a shielding aura gather around you.
c - an amulet of reflection (around neck) HP restored.
You see here a rat corpse.
You open the door.
There is an open door here.
You open the door.
A hobgoblin and a rat come into view.
The rat twitches its whiskers.
There is an open door here.
There are monsters nearby!
There are monsters nearby!
There are monsters nearby!
The sting hits the rat.
The rat is poisoned.
You kill the rat!
You have reached level 2!
The sting hits the hobgoblin.
The hobgoblin is poisoned.
The hobgoblin is heavily wounded.
A jackal and a goblin come into view.
You kill the hobgoblin!
The jackal barks!
A jackal comes into view.
A jackal comes into view.
The jackal barks!
The jackal closely misses you. The jackal attacks as you move away!
The jackal bites you. The jackal attacks as you move away!
The jackal closely misses you. The jackal bites you.
There is an open door here.
The jackal barely misses you.
You miss the jackal. The jackal closely misses you.
You closely miss the jackal. The jackal closely misses you.
Casting: Sting (safe; 13% risk of failure)
Confirm with . or Enter, or press ? or * to list all spells.
Aiming: Sting (safe; 13% risk of failure)
Press: ? - help, Shift-Dir - straight line, f - jackal
Aim: a jackal (60% to hit)
You miscast Sting.
You are very lightly contaminated with residual magic.
Nothing appears to happen.
The jackal barely misses you. The jackal bites you.
You barely miss the jackal. The jackal misses you.
You closely miss the jackal. The jackal bites you.
You block the jackal's attack.
You scratch the jackal but do no damage.
The jackal barely misses you.
The jackal barks!
You scratch the jackal.
The jackal is heavily wounded.
The jackal barely misses you.
You scratch the jackal.
The jackal is severely wounded.
The jackal barely misses you. The jackal bites you.
Casting: Sting (safe; 13% risk of failure)
Confirm with . or Enter, or press ? or * to list all spells.
Aiming: Sting (safe; 13% risk of failure)
Press: ? - help, Shift-Dir - straight line, f/p - jackal
Aim: a jackal (heavily wounded, 60% to hit)
The sting hits the jackal but does no damage.
The jackal is poisoned.
The jackal is heavily wounded.
* * * LOW MAGIC WARNING * * *
You block the jackal's attack. The jackal closely misses you.
Your magical contamination has completely faded away.
There is an open door here.
You scratch the jackal but do no damage.
The jackal is heavily wounded.
The jackal barely misses you.
You closely miss the jackal. Your claw misses the jackal.
The jackal is heavily wounded.
The jackal barely misses you. The jackal bites you.
* * * LOW HITPOINT WARNING * * *
You aren't carrying any scrolls.
Magic courses through your body. The jackal bites you.
* * * LOW HITPOINT WARNING * * *
Casting: Sting (safe; 13% risk of failure)
Confirm with . or Enter, or press ? or * to list all spells.
Aiming: Sting (safe; 13% risk of failure)
Press: ? - help, Shift-Dir - straight line, f/p - jackal
Aim: a jackal (heavily wounded, poisoned, 60% to hit)
The sting misses the jackal.
The jackal looks more healthy.
You block the jackal's attack. The jackal completely misses you.
Casting: Sting (safe; 13% risk of failure)
Confirm with . or Enter, or press ? or * to list all spells.
Aiming: Sting (safe; 13% risk of failure)
Press: ? - help, Shift-Dir - straight line, f - jackal, p - jackal
Aim: a jackal (60% to hit)
The sting hits the jackal.
The jackal is poisoned.
The jackal is heavily wounded.
A gnoll comes into view. It is wielding a +0 whip.
The jackal bites you.
* * * LOW HITPOINT WARNING * * *
The gnoll shouts!
You kill the jackal!
You feel better. The jackal attacks as you move away!
You block the jackal's attack. The jackal attacks as you move away!
The jackal barely misses you. The jackal bites you.
* * * LOW HITPOINT WARNING * * *
There is an open door here.
Casting: Sting (safe; 13% risk of failure)
Confirm with . or Enter, or press ? or * to list all spells.
Aiming: Sting (safe; 13% risk of failure)
Press: ? - help, Shift-Dir - straight line, f/p - jackal
Aim: a jackal (60% to hit)
You miscast Sting.
You are very lightly contaminated with residual magic.
Nothing appears to happen.
You block the jackal's attack.
Casting: Sting (safe; 13% risk of failure)
Confirm with . or Enter, or press ? or * to list all spells.
Aiming: Sting (safe; 13% risk of failure)
Press: ? - help, Shift-Dir - straight line, f/p - jackal
Aim: a jackal (60% to hit)
The sting hits the jackal.
The jackal is poisoned.
The jackal is heavily wounded.
You block the jackal's attack. The jackal closely misses you.
You block the jackal's attack.
Casting: Sting (safe; 13% risk of failure)
Confirm with . or Enter, or press ? or * to list all spells.
Aiming: Sting (safe; 13% risk of failure)
Press: ? - help, Shift-Dir - straight line, f - jackal, p - jackal
Aim: a jackal (60% to hit)
The sting hits the jackal.
The jackal is poisoned.
The jackal is severely wounded.
* * * LOW MAGIC WARNING * * *
The jackal bites you.
* * * LOW HITPOINT WARNING * * *
The jackal misses you. The jackal attacks as you move away!
The jackal bites you but does no damage.
You kill the jackal!
You feel better.
The jackal bites you but does no damage.
You kill the jackal!
You feel better.
Your magical contamination has completely faded away.
You aren't carrying any potions.
You aren't carrying any scrolls.
Found 3 stones.
A hobgoblin comes into view.
The hobgoblin shouts!
A dart slug comes into view.
A bat comes into view.
A kobold and a quokka come into view.
Found a mace.
The kobold shouts!
The kobold moves out of view.
A kobold comes into view. It is wielding a +1 dagger of venom.
Found 9 gold pieces.
Found a leather armour.
The kobold shouts!
The quokka misses you. You block the kobold's attack.
You block the quokka's attack. The quokka attacks as you move away!
The quokka misses you. You block the kobold's attack.
The kobold hits you but does no damage. The kobold attacks as you move away!
You block the kobold's attack. The kobold attacks as you move away!
The kobold hits you with a +1 dagger of venom.
* * * LOW HITPOINT WARNING * * *
You see here a +0 leather armour.
The kobold attacks as you move away! You block the kobold's attack.
Found 14 gold pieces.
The kobold attacks as you move away!
The kobold hits you with a +1 dagger of venom.
* * * LOW HITPOINT WARNING * * *
Casting: Sting (safe; 13% risk of failure)
Confirm with . or Enter, or press ? or * to list all spells.
Aiming: Sting (safe; 13% risk of failure)
Press: ? - help, Shift-Dir - straight line, f - kobold
Aim: a kobold, wielding a +1 dagger of venom (60% to hit)
The sting hits the kobold.
The kobold is poisoned.
The kobold is moderately wounded.
The kobold barely misses you.
You kill the kobold!
Found a dagger.
Found a stone staircase leading down.
An endoplasm and a rat come into view.
Found 15 gold pieces.
The endoplasm quivers.
The endoplasm jiggles.
A goblin comes into view. It is wielding a +0 club.
A hobgoblin comes into view.
The rat bites you.
* * * LOW HITPOINT WARNING * * *
The endoplasm barely misses you.
The hobgoblin shouts!
The goblin misses you.
There is a stone staircase leading down here.
The endoplasm attacks as you move away! You block the endoplasm's attack.
Found a dagger.
The rat misses you. The rat attacks as you move away! The rat bites you.
* * * LOW HITPOINT WARNING * * *
The rat attacks as you move away! The rat closely misses you.
The rat attacks as you move away! You block the rat's attack.
An endoplasm comes into view.
The hobgoblin attacks as you move away! The hobgoblin closely misses you.
A quokka comes into view.
The quokka attacks as you move away!
The quokka bites you but does no damage.
The quokka attacks as you move away! The quokka barely misses you.
The quokka bites you but does no damage.
Casting: Sting (safe; 13% risk of failure)
Confirm with . or Enter, or press ? or * to list all spells.
Aiming: Sting (safe; 13% risk of failure)
Press: ? - help, Shift-Dir - straight line, f - quokka
Aim: a quokka (56% to hit)
You miscast Sting.
You are very lightly contaminated with residual magic.
Nothing appears to happen.
You block the quokka's attack.
Casting: Sting (safe; 13% risk of failure)
Confirm with . or Enter, or press ? or * to list all spells.
Aiming: Sting (safe; 13% risk of failure)
Press: ? - help, Shift-Dir - straight line, f/p - quokka
Aim: a quokka (56% to hit)
The sting misses the quokka.
The sting misses the hobgoblin.
The sting misses the quokka.
The quokka closely misses you. The quokka attacks as you move away!
The quokka closely misses you.
A giant cockroach comes into view.
Casting: Sting (safe; 13% risk of failure)
Confirm with . or Enter, or press ? or * to list all spells.
Aiming: Sting (safe; 13% risk of failure)
Press: ? - help, Shift-Dir - straight line, f/p - quokka
Aim: a quokka (56% to hit)
You miscast Sting.
Nothing appears to happen.
The quokka bites you.
You die...

.# #.# .# #.# .#
#.# .# #.# .# #.#
.###+### #J#
.......# ##K####
)......# ###rrgr.#
....r..###.J.###@#
.......#.g.#.#...#
.....>...###.#B###
........## #.#.
........# #.#
........# #.#
........# #.#
......... ..#
#####+####


You could see 2 quokkas, a giant cockroach (asleep), a hobgoblin, a kobold and a
rat.

Vanquished Creatures
  A bat (D:1)
  2 giant cockroaches (D:1)
  A hobgoblin (D:1)
  3 jackals (D:1)
  A quokka (D:1)
  A kobold (D:1)
  2 rats (D:1)
11 creatures vanquished.

Notes
Turn   | Place    | Note
-------+----------+-------------------------------------------
     0 | D:1      | sleeves the Ghoul Venom Mage began the quest for the Orb.
     0 | D:1      | Reached XP level 1. HP: 14/14 MP: 2/2
   110 | D:1      | Reached skill level 2 in Spellcasting
   235 | D:1      | Reached XP level 2. HP: 20/20 MP: 2/4
   257 | D:1      | HP: 10/20 [jackal (2)]
   270 | D:1      | HP: 7/20 [jackal (2)]
   276 | D:1      | HP: 6/20 [jackal (1)]
   298 | D:1      | HP: 9/20 [kobold/+1 dagger of venom (2)]
   314 | D:1      | HP: 4/20 [rat (2)]
   319 | D:1      | HP: 3/20 [rat (1)]
   330 | D:1      | Slain by a quokka

Illustrated notes

Levels and vault maps discovered:
D:1:      lightli_arrival_windingriver, layout_basic, kennysheep_another_room

Skill      XL: |  1 |
---------------+----+-----
Spellcasting   | 2 |  2.1
Dodging        | |  1.7
Stealth        | |  2.1
Transmutations | |  0.8
Poison Magic   | |  3.4

Action                   || total
-------------------------++-------
Melee: Unarmed           ||    32
 Cast: Sting             ||    13
  Use: Potion            ||     1
 Stab: Sleeping          ||     1
Armor: Robe              ||    19
Dodge: Dodged            ||    45
Block: Other             ||    15
